EL
PITTSFIELD COLONIALS @ WATERBURY ROUGH RIDERS
04/19/1982
 
TOP OF THE 1ST
Pittsfield Colonials batting - Pitching for Waterbury Rough Riders : LHP Ravelo Manzanillo
Pitching: LHP Ravelo Manzanillo
Batting: RHB Mike Brewer 0-0: Ball
1-0: Called Strike
1-1: Ball
2-1: SINGLE (Line Drive, 6D, EV 103.8 MPH)
Batting: RHB Fernando Marin 0-0: Called Strike
0-1: Ball
1-1: Foul Ball, location: 2F
1-2: Strikes out swinging
Batting: SHB Mitch Webster 0-0: Swinging Strike
0-1: Ball
1-1: Foul Ball, location: 2F
1-2: Fielders Choice at 2nd, 4-6 (Groundball, 4, EV 90.0 MPH)
Now in RF: john W Russell
Batting: LHB Terry Francona 0-0: Called Strike
0-1: Fly out, F5 (Popup, 5SF, EV 71.9 MPH)
Top of the 1st over - 0 runs, 1 hit, 0 errors, 1 left on base; Pittsfield 0 - Waterbury 0
BOTTOM OF THE 1ST
Waterbury Rough Riders batting - Pitching for Pittsfield Colonials : LHP James Rooney
Pitching: LHP James Rooney
Batting: RHB David Corman 0-0: Called Strike
0-1: Called Strike
0-2: Strikes out swinging
Batting: RHB Daniel Purpura 0-0: Foul Ball, location: 2F
0-1: Ball
1-1: Swinging Strike
1-2: Foul Ball, location: 2F
1-2: Ball
2-2: Foul Ball, location: 2F
2-2: Foul Ball, location: 2F
2-2: Strikes out swinging
Batting: RHB Billy Beane 0-0: Ground out 6-3 (Groundball, 6, EV 85.0 MPH)
Bottom of the 1st over - 0 runs, 0 hits, 0 errors, 0 left on base; Pittsfield 0 - Waterbury 0
TOP OF THE 2ND
Pittsfield Colonials batting - Pitching for Waterbury Rough Riders : LHP Ravelo Manzanillo
Batting: SHB David Enos 0-0: Ball
1-0: Foul Ball, location: 2F
1-1: Swinging Strike
1-2: Strikes out swinging
Batting: LHB Armando Ortiz 0-0: Swinging Strike
0-1: Ball
1-1: Ball
2-1: Foul Ball, location: 2F
2-2: Ball
3-2: Strikes out swinging
Batting: RHB Juan Castro 0-0: Fly out, F2 (Popup, 15S, EV 81.9 MPH)
Top of the 2nd over - 0 runs, 0 hits, 0 errors, 0 left on base; Pittsfield 0 - Waterbury 0
BOTTOM OF THE 2ND
Waterbury Rough Riders batting - Pitching for Pittsfield Colonials : LHP James Rooney
Batting: RHB Gary Skow 0-0: Swinging Strike
0-1: Foul Ball, location: 2F
0-2: Ball
1-2: Foul Ball, location: 2F
1-2: Ball
2-2: Ball
3-2: Ground out 5-3 (Groundball, 56S, EV 90.6 MPH)
Batting: RHB Jack Fimple 0-0: Called Strike
0-1: Ground out 2-3 (Groundball, 13S, EV 63.8 MPH)
Batting: RHB Jose Quiroz 0-0: Fly out, F4 (Popup, 4M, EV 78.1 MPH)
Bottom of the 2nd over - 0 runs, 0 hits, 0 errors, 0 left on base; Pittsfield 0 - Waterbury 0
TOP OF THE 3RD
Pittsfield Colonials batting - Pitching for Waterbury Rough Riders : LHP Ravelo Manzanillo
Batting: LHB Dave Holt 0-0: Bunt missed!
0-1: Called Strike
0-2: Ball
1-2: Ball
2-2: Ball
3-2: Strikes out swinging
Batting: RHB Glenn Hoffman 0-0: DOUBLE (Line Drive, 78M, EV 111.9 MPH)
Batting: RHB Mike Brewer 0-0: Foul Ball, location: 2F
0-1: Swinging Strike
0-2: Ball
Passed Ball!
Glenn Hoffman to third
1-2: Ground out 4-3 (Groundball, 4M, EV 80.6 MPH)
Glenn Hoffman scores
Batting: RHB Fernando Marin 0-0: Called Strike
0-1: Ball
1-1: Ball
2-1: DOUBLE (Flyball, 78D, EV 107.5 MPH)
Batting: SHB Mitch Webster 0-0: Ball
1-0: Foul Ball, location: 2F
1-1: Swinging Strike
1-2: Ball
2-2: Ground out 4-3 (Groundball, 4, EV 100.6 MPH)
Top of the 3rd over - 1 run, 2 hits, 0 errors, 1 left on base; Pittsfield 1 - Waterbury 0
BOTTOM OF THE 3RD
Waterbury Rough Riders batting - Pitching for Pittsfield Colonials : LHP James Rooney
Batting: RHB john W Russell 0-0: Swinging Strike
0-1: Called Strike
0-2: Ball
1-2: Ball
2-2: Ball
3-2: Base on Balls
Batting: LHB Mike Lebo 0-0: Ball
1-0: SINGLE (Line Drive, 7S, EV 98.8 MPH)
john W Russell to second
Batting: RHB Don Leach 0-0: Ball
1-0: Foul Ball, location: 2F
1-1: Ball
2-1: SINGLE (Line Drive, 9S, EV 93.1 MPH)
john W Russell to third
Mike Lebo to second
Runner from 3rd tries for Home, SAFE, throw by RF to home
Batting: RHB David Corman 0-0: Ball
1-0: Ball
2-0: Ball
3-0: Base on Balls
Mike Lebo to third
Don Leach to second
Batting: RHB Daniel Purpura 0-0: Ball
1-0: Foul Ball, location: 2F
1-1: Ball
2-1: SINGLE (Groundball, 4MD, EV 97.5 MPH)
Mike Lebo scores
Don Leach to third
David Corman to second
Batting: RHB Billy Beane 0-0: Foul Ball, location: 2F
0-1: Fielders Choice at 2nd, 6-4 (Groundball, 6, EV 101.9 MPH)
Don Leach scores
David Corman to third
Batting: RHB Gary Skow 0-0: Called Strike
0-1: Ball
1-1: Ball
2-1: Ball
3-1: Base on Balls
Billy Beane to second
Batting: RHB Jack Fimple 0-0: Ball
1-0: Foul Ball, location: 2F
1-1: Foul Ball, location: 2F
1-2: Foul Ball, location: 2F
1-2: Ball
2-2: DOUBLE (Groundball, 5L, EV 100.0 MPH)
David Corman scores
Billy Beane scores
Gary Skow to third
Runner from 3rd tries for Home, SAFE, no throw by LF
Pitching: LHP Richard Santos
Batting: RHB Jose Quiroz 0-0: Swinging Strike
0-1: Fly out, F7 (Flyball, 78D, EV 83.1 MPH)
Batting: RHB john W Russell 0-0: Called Strike
0-1: Ball
1-1: SINGLE (Groundball, 56D, EV 103.1 MPH) - runner OUT being hit by batted ball. (infield hit)
Bottom of the 3rd over - 6 runs, 5 hits, 0 errors, 1 left on base; Pittsfield 1 - Waterbury 6
TOP OF THE 4TH
Pittsfield Colonials batting - Pitching for Waterbury Rough Riders : LHP Ravelo Manzanillo
Batting: LHB Terry Francona 0-0: Ball
1-0: TRIPLE (Line Drive, 89XD, EV 104.4 MPH)
Batting: SHB David Enos 0-0: Called Strike
0-1: Ground out 4-3 (Groundball, 4, EV 90.6 MPH)
Terry Francona scores
Batting: LHB Armando Ortiz 0-0: Ball
1-0: Ball
2-0: Called Strike
2-1: Foul Ball, location: 2F
2-2: Fly out, F9 (Flyball, 9, EV 91.3 MPH)
Batting: RHB Juan Castro 0-0: Foul Ball, location: 2F
0-1: Ground out 4-3 (Groundball, 34, EV 90.6 MPH)
Top of the 4th over - 1 run, 1 hit, 0 errors, 0 left on base; Pittsfield 2 - Waterbury 6
BOTTOM OF THE 4TH
Waterbury Rough Riders batting - Pitching for Pittsfield Colonials : LHP Richard Santos
Batting: LHB Mike Lebo 0-0: Ground out 5-3 (Groundball, 56, EV 84.4 MPH)
Batting: RHB Don Leach 0-0: Called Strike
0-1: Ball
1-1: Ball
2-1: Ball
3-1: Foul Ball, location: 2F
3-2: Base on Balls
Batting: RHB David Corman 0-0: SINGLE (Groundball, 6S, EV 61.9 MPH) (infield hit)
Don Leach to second
Batting: RHB Daniel Purpura 0-0: Ball
1-0: Foul Ball, location: 2F
1-1: Ball
2-1: Ball
3-1: Called Strike
3-2: Base on Balls
Don Leach to third
David Corman to second
Batting: RHB Billy Beane 0-0: Ball
1-0: Ball
2-0: Called Strike
2-1: Ball
3-1: Fly out, F6 (Popup, 6M, EV 69.4 MPH)
Batting: RHB Gary Skow 0-0: Ball
1-0: Ball
2-0: Foul Ball, location: 2F
2-1: Fly out, F4 (Flyball, 4D, EV 94.4 MPH)
Bottom of the 4th over - 0 runs, 1 hit, 0 errors, 3 left on base; Pittsfield 2 - Waterbury 6
TOP OF THE 5TH
Pittsfield Colonials batting - Pitching for Waterbury Rough Riders : LHP Ravelo Manzanillo
Batting: LHB Dave Holt 0-0: Ball
1-0: Foul Ball, location: 2F
1-1: Swinging Strike
1-2: Ball
2-2: Ball
3-2: Strikes out looking
Batting: RHB Glenn Hoffman 0-0: Foul Ball, location: 2F
0-1: SINGLE (Line Drive, 78S, EV 105.6 MPH)
Batting: RHB Mike Brewer 0-0: Swinging Strike
0-1: Called Strike
0-2: Ball
1-2: Ball
2-2: Foul Ball, location: 2F
2-2: Fly out, F8 (Flyball, 8RD, EV 86.9 MPH)
Batting: RHB Fernando Marin 0-0: Ground out 5-3 (Groundball, 56S, EV 89.4 MPH)
Top of the 5th over - 0 runs, 1 hit, 0 errors, 1 left on base; Pittsfield 2 - Waterbury 6
BOTTOM OF THE 5TH
Waterbury Rough Riders batting - Pitching for Pittsfield Colonials : LHP Richard Santos
Batting: RHB Jack Fimple 0-0: Ball
1-0: Swinging Strike
1-1: Foul Ball, location: 2F
1-2: Foul Ball, location: 2F
1-2: Foul Ball, location: 2F
1-2: Ball
2-2: Foul Ball, location: 2F
2-2: Foul Ball, location: 2F
2-2: Foul Ball, location: 2F
2-2: Ground out 6-3 (Groundball, 6, EV 84.4 MPH)
Batting: RHB Jose Quiroz 0-0: Ball
1-0: Called Strike
1-1: Ball
2-1: Ball
3-1: Base on Balls
Batting: RHB john W Russell 0-0: Ball
1-0: SINGLE (Line Drive, 8RS, EV 101.3 MPH)
Jose Quiroz to second
Batting: LHB Mike Lebo 0-0: Called Strike
0-1: Called Strike
0-2: Fly out, F8 (Flyball, 8RM, EV 91.3 MPH)
Batting: RHB Don Leach 0-0: Ball
1-0: Ball
2-0: Ball
3-0: Base on Balls
Jose Quiroz to third
john W Russell to second
Batting: RHB David Corman 0-0: Called Strike
0-1: Ball
1-1: Ball
2-1: Ball
3-1: Foul Ball, location: 2F
3-2: Base on Balls
Jose Quiroz scores
john W Russell to third
Don Leach to second
Batting: RHB Daniel Purpura 0-0: Called Strike
0-1: SINGLE (Line Drive, 3D, EV 96.3 MPH)
john W Russell scores
Don Leach to third
David Corman to second
Runner from 3rd tries for Home, SAFE, throw by RF to home
Batting: RHB Billy Beane 0-0: Called Strike
0-1: Foul Ball, location: 2F
0-2: Fly out, F9 (Flyball, 9, EV 90.6 MPH)
Bottom of the 5th over - 3 runs, 2 hits, 0 errors, 2 left on base; Pittsfield 2 - Waterbury 9
TOP OF THE 6TH
Pittsfield Colonials batting - Pitching for Waterbury Rough Riders : LHP Ravelo Manzanillo
Batting: SHB Mitch Webster 0-0: Ball
1-0: Ball
2-0: Fly out, F8 (Flyball, 8LM, EV 90.0 MPH)
Batting: LHB Terry Francona 0-0: Foul Ball, location: 2F
0-1: Fly out, F8 (Line Drive, 8RM, EV 86.3 MPH)
Batting: SHB David Enos 0-0: Ball
1-0: Ball
2-0: Called Strike
2-1: Called Strike
2-2: Ball
3-2: Strikes out swinging
Top of the 6th over - 0 runs, 0 hits, 0 errors, 0 left on base; Pittsfield 2 - Waterbury 9
BOTTOM OF THE 6TH
Waterbury Rough Riders batting - Pitching for Pittsfield Colonials : LHP Richard Santos
Batting: RHB Gary Skow 0-0: Foul Ball, location: 2F
0-1: Ball
1-1: SINGLE (Line Drive, 7S, EV 98.8 MPH)
Pitching: LHP Newt Box
Batting: RHB Jack Fimple 0-0: Grounds into double play, 6-4-3 (Groundball, 6, EV 103.1 MPH)
Batting: RHB Jose Quiroz 0-0: Called Strike
0-1: Ball
1-1: Called Strike
1-2: Ground out 5-3 (Groundball, 56S, EV 81.3 MPH)
Bottom of the 6th over - 0 runs, 1 hit, 0 errors, 0 left on base; Pittsfield 2 - Waterbury 9
TOP OF THE 7TH
Pittsfield Colonials batting - Pitching for Waterbury Rough Riders : LHP Ravelo Manzanillo
Pinch Hitting: LHB James Beck 0-0: Ball
1-0: SOLO HOME RUN (Flyball, 9LD, EV 109.4 MPH), Distance : 367 ft
Batting: RHB Juan Castro 0-0: Ball
1-0: Called Strike
1-1: Ground out U3 (Groundball, 34S, EV 80.0 MPH)
Batting: LHB Dave Holt 0-0: Called Strike
0-1: Ground out 4-3 (Groundball, 4, EV 101.9 MPH)
Batting: RHB Glenn Hoffman 0-0: Called Strike
0-1: SINGLE (Groundball, 6MD, EV 93.8 MPH)
Pitching: RHP Jeffrey Orville
Batting: RHB Mike Brewer 0-0: Ball
1-0: Foul Ball, location: 2F
1-1: Fly out, F8 (Flyball, 8RXD, EV 98.1 MPH)
Top of the 7th over - 1 run, 2 hits, 0 errors, 1 left on base; Pittsfield 3 - Waterbury 9
BOTTOM OF THE 7TH
Waterbury Rough Riders batting - Pitching for Pittsfield Colonials : LHP Newt Box
Now in LF: James Beck
Batting: RHB john W Russell 0-0: Swinging Strike
0-1: Ball
1-1: Fly out, F4 (Line Drive, 4, EV 68.1 MPH)
Batting: LHB Mike Lebo 0-0: Swinging Strike
0-1: Swinging Strike
0-2: Foul Ball, location: 2F
0-2: Fly out, F7 (Flyball, 7LS, EV 89.4 MPH)
Batting: RHB Don Leach 0-0: Ball
1-0: Foul Ball, location: 2F
1-1: Swinging Strike
1-2: Ball
2-2: Strikes out swinging
Bottom of the 7th over - 0 runs, 0 hits, 0 errors, 0 left on base; Pittsfield 3 - Waterbury 9
TOP OF THE 8TH
Pittsfield Colonials batting - Pitching for Waterbury Rough Riders : RHP Jeffrey Orville
Batting: RHB Fernando Marin 0-0: Foul Ball, location: 2F
0-1: Fly out, F9 (Flyball, 89D, EV 75.6 MPH)
Batting: SHB Mitch Webster 0-0: Ball
1-0: Ball
2-0: Foul Ball, location: 2F
2-1: SOLO HOME RUN (Line Drive, 7D, EV 104.4 MPH), Distance : 383 ft
Batting: LHB Terry Francona 0-0: Called Strike
0-1: Foul Ball, location: 2F
0-2: Foul Ball, location: 2F
0-2: Strikes out swinging
Batting: SHB David Enos 0-0: Ball
1-0: Fly out, F6 (Line Drive, 6, EV 63.8 MPH)
Top of the 8th over - 1 run, 1 hit, 0 errors, 0 left on base; Pittsfield 4 - Waterbury 9
BOTTOM OF THE 8TH
Waterbury Rough Riders batting - Pitching for Pittsfield Colonials : LHP Newt Box
Batting: RHB David Corman 0-0: Ball
1-0: Called Strike
1-1: Ball
2-1: Ground out 2-3 (Groundball, 2L, EV 71.3 MPH)
Batting: RHB Daniel Purpura 0-0: Ball
1-0: DOUBLE (Line Drive, 89D, EV 105.0 MPH)
Batting: RHB Billy Beane 0-0: Ball
1-0: Fly out, F8 (Flyball, 8RS, EV 90.0 MPH)
Batting: RHB Gary Skow 0-0: Ball
1-0: SINGLE (Line Drive, 9LS, EV 111.3 MPH)
Daniel Purpura to third
Batting: RHB Jack Fimple 0-0: Fly out, F8 (Flyball, 8RD, EV 95.0 MPH)
Bottom of the 8th over - 0 runs, 2 hits, 0 errors, 2 left on base; Pittsfield 4 - Waterbury 9
TOP OF THE 9TH
Pittsfield Colonials batting - Pitching for Waterbury Rough Riders : RHP Jeffrey Orville
Batting: LHB James Beck 0-0: Ball
1-0: Ball
2-0: Ball
3-0: Base on Balls
Batting: RHB Juan Castro 0-0: Grounds into double play, 5-4-3 (Groundball, 56, EV 101.9 MPH)
Batting: LHB Dave Holt 0-0: Called Strike
0-1: Called Strike
0-2: SINGLE (Flyball, 8LS, EV 93.1 MPH)
Batting: RHB Glenn Hoffman 0-0: Ball
1-0: Foul Ball, location: 2F
1-1: Ball
2-1: Ball
3-1: Base on Balls
Dave Holt to second
Batting: RHB Mike Brewer 0-0: Swinging Strike
0-1: Swinging Strike
0-2: 3-RUN HOME RUN (Flyball, 78XD, EV 99.4 MPH), Distance : 408 ft
Pitching: RHP John Maxson
Batting: RHB Fernando Marin 0-0: Ball
1-0: Fly out, F9 (Flyball, 89S, EV 89.4 MPH)
Top of the 9th over - 3 runs, 2 hits, 0 errors, 0 left on base; Pittsfield 7 - Waterbury 9
Wednesday, July 22nd, 2020 - OOTP Baseball 21.4 Build 63